 Dungeon Crawl Stone Soup version 0.20.0-8-g6b59dc7 (webtiles) character file.

2663 Jerry the Cleaver (level 9, -2/70 HPs)
             Began as a Hill Orc Fighter on May 30, 2017.
             Was an Initiate of Gozag.
             Slain by a gnoll
             ... wielding a +0 halberd
              (8 damage)
             ... in a bailey.
             The game lasted 00:17:41 (8070 turns).

Jerry the Cleaver (Hill Orc Fighter)                Turns: 8070, Time: 00:17:41

Health: -2/70      AC: 12    Str: 20    XL:     9   Next: 63%
Magic:  9/9        EV:  8    Int:  8    God:    Gozag
Gold:   276        SH: 10    Dex: 10    Spells: 8/8 levels left

rFire    + . .     SeeInvis .   b - +2 hand axe (chop)
rCold    . . .     Gourm    .   c - +0 shield
rNeg     . . .     Faith    .   y - +3 scale mail
rPois    .         Spirit   .   k - +1 hat
rElec    .         Reflect  .   (no cloak)
rCorr    .         Harm     .   (no gloves)
MR       .....                  (no boots)
Stlth    ..........             (no amulet)
Regen    0.0/turn               r - ring of protection from fire
MPRegen  0.2/turn               (no ring)

@: no status effects
A: clumsy 1, sense surroundings 1, inhibited regeneration, evolution 1
a: Potion Petition, Call Merchant, Bribe Branch, Renounce Religion


You were in a bailey.
You worshipped Gozag.
Gozag was aware of your devotion.
You were not hungry.

You visited 2 branches of the dungeon, and saw 8 of its levels.
You also visited: Bailey.

You collected 378 gold pieces.
You paid 102 gold pieces to Gozag.

Inventory:

Hand Weapons
 b - a +2 hand axe of chopping (weapon)
Missiles
 a - 61 tomahawks of returning (quivered)
Armour
 c - a +0 shield (worn)
 k - a +1 hat (worn)
 y - a +3 scale mail (worn)
Jewellery
 r - a ring of protection from fire (left hand)
Scrolls
 e - 7 scrolls of remove curse
 g - 4 scrolls of identify
 h - 2 scrolls of magic mapping
 i - 2 scrolls of fear {unknown}
 j - 2 scrolls of enchant weapon {unknown}
 m - a scroll of fog {unknown}
 s - a scroll of immolation {unknown}
 u - 2 scrolls of recharging {unknown}
 v - 2 scrolls of teleportation {unknown}
 w - 3 scrolls of amnesia {unknown}
 x - a scroll of blinking {unknown}
Potions
 n - 2 potions of flight
 z - a potion of berserk rage {unknown}
 A - a potion of heal wounds {unknown}
Comestibles
 f - 3 bread rations


   Skills:
 - Level 3.6 Fighting
 * Level 11.9 Axes
 + Level 7.8 Armour
 + Level 7.7 Shields


You had 8 spell levels left.
You didn't know any spells.

Dungeon Overview and Level Annotations

Branches:
Dungeon (7/15)             Temple (1/1) D:7

Altars:
Ashenzari
Cheibriados
Elyvilon
Fedhas
Gozag
Hepliaklqana
Kikubaaqudgha
Makhleb
Nemelex Xobeh
Okawaru
Qazlal
Ru
Sif Muna
Trog
Vehumet
Xom
Yredelemnul
Zin
The Shining One


Innate Abilities, Weirdness & Mutations

You are clumsy. (Dex -2)
You passively map a small area around you.
You do not regenerate when monsters are visible.
You evolve.


Message History

It was a potion of magic.
Magic courses through your body.
It was a potion of brilliance.
You feel clever all of a sudden.
It was a potion of cancellation.
Your magical effects are unravelling.
You feel magically purged.
You feel a little less mighty now.
You feel a little less clever now.
The hobgoblin throws a tomahawk of returning.
You block the tomahawk of returning. The gnoll hits you but does no damage.
It was a potion of mutation.
You feel extremely strange.
Your regeneration stops near monsters.
You feel a strange attunement to the structure of the dungeons.
You feel clumsy.
You feel nature experimenting on you.
Don't worry, failures die fast.
The gnoll barely misses you.
You hit the gnoll.
The gnoll is heavily wounded.
You barely miss the hobgoblin. The gnoll hits you with a halberd!
You die...
Your body crumbles into a pile of gold.

##### ### ## ∩ #
##$$$###.#*#.#
#'##'##$###'##'##'#
#...gg## ##.....#
#.....# ###.....###
#.'..⌠.g' #.'..⌠..'.#
###...!.#####$gg..###
#....!# ##..@.)##
#'##'##'###'##(##'##
#.# #. #g#.###.###.#
### ### ##### ### #'#
#.###.###)#.###.###.#
##'##'##'###'##'##'##
##.....## ##.....##
###.....#####.....###
#.'..∩..'.#.'..)..'.#


You could see a gnoll and a hobgoblin.

Vanquished Creatures
  An orc knight (Bailey)
  Eustachio (D:5)
  A steam dragon (D:7)
  The ghost of Darkell the Ducker, an amateur TeGl (D:4)
  An ice beast (D:6)
  5 ogres
  2 phantoms
  2 centaurs (D:6)
  2 bullfrogs
  2 wights
  2 crimson imps (D:4)
  2 hounds (D:5)
  5 orc wizards
  4 orc priests
  A centaur skeleton (D:4)
  2 worker ants (D:4)
  A hound skeleton (D:4)
  12 gnolls (Bailey)
  4 adders
  2 shadow imps
  3 oozes
  An adder zombie (D:5)
  2 worms
  2 dart slugs (D:2)
  8 leopard geckos
  16 orcs
  3 giant cockroaches
  7 goblins
  17 hobgoblins
  12 jackals
  4 quokkas
  2 ball pythons (D:3)
  10 bats
  5 frilled lizards
  26 kobolds
  A leopard gecko skeleton (D:6)
  2 quokka zombies (D:5)
  10 rats
  A spectral orc (D:4)
  4 plants (D:5)
189 creatures vanquished.

Notes
Turn   | Place    | Note
-------+----------+-------------------------------------------
     0 | D:1      | Jerry the Hill Orc Fighter began the quest for the Orb.
     0 | D:1      | Reached XP level 1. HP: 19/19 MP: 1/1
   229 | D:1      | Reached skill level 3 in Axes
   244 | D:1      | Reached XP level 2. HP: 7/26 MP: 2/2
   689 | D:1      | Reached XP level 3. HP: 30/31 MP: 3/3
  1416 | D:2      | Reached skill level 4 in Axes
  1466 | D:2      | Reached XP level 4. HP: 35/39 MP: 4/4
  1512 | D:2      | Found a glowing silver altar of Zin.
  1513 | D:2      | Noticed an angel
  1652 | D:2      | Found a burning altar of Makhleb.
  1923 | D:3      | Found a hazy altar of Hepliaklqana.
  2412 | D:3      | Found a shattered altar of Ashenzari.
  2502 | D:3      | Reached XP level 5. HP: 43/45 MP: 5/5
  2511 | D:3      | Reached skill level 5 in Axes
  2800 | D:3      | Reached XP level 6. HP: 47/51 MP: 6/6
  2814 | D:3      | Found a white marble altar of Elyvilon.
  3156 | D:4      | Found a basalt altar of Yredelemnul.
  3197 | D:4      | Reached skill level 6 in Axes
  3214 | D:4      | Reached skill level 5 in Armour
  3214 | D:4      | Reached skill level 5 in Shields
  3480 | D:4      | Reached skill level 7 in Axes
  3480 | D:4      | Reached XP level 7. HP: 57/57 MP: 7/7
  3688 | D:4      | Noticed Darkell's ghost (amateur TeGl)
  3707 | D:4      | Killed Darkell's ghost
  3983 | D:4      | Reached skill level 8 in Axes
  4342 | D:5      | Entered Level 5 of the Dungeon
  4411 | D:5      | Noticed Eustachio
  4503 | D:5      | Killed Eustachio
  4503 | D:5      | Reached XP level 8. HP: 36/64 MP: 8/8
  4680 | D:5      | Reached skill level 9 in Axes
  5019 | D:5      | Found an iron altar of Okawaru.
  5740 | D:6      | Found a stormy altar of Qazlal.
  5766 | D:6      | Reached skill level 10 in Axes
  6482 | D:6      | Found a shattered altar of Ashenzari.
  6510 | D:6      | Reached XP level 9. HP: 70/70 MP: 9/9
  6935 | D:6      | Reached skill level 11 in Axes
  7293 | D:7      | Found an ancient bone altar of Kikubaaqudgha.
  7298 | D:7      | Found a shimmering altar of Xom.
  7356 | D:7      | Found a staircase to the Ecumenical Temple.
  7369 | Temple   | Entered the Ecumenical Temple
  7428 | Temple   | Became a worshipper of Gozag Ym Sagoz the Greedy
  7483 | D:7      | Found a flagged portal.
  7497 | Bailey   | Entered a bailey
  7935 | Bailey   | Noticed an orc knight
  8039 | Bailey   | HP: 3/70 [orc knight/bardiche (15)]
  8045 | Bailey   | Killed an orc knight
  8047 | Bailey   | HP: 2/70 [kobold/tomahawk of returning (2)]
  8068 | Bailey   | Gained mutation: You do not regenerate when monsters are visible. [potion of mutation]
  8068 | Bailey   | Gained mutation: You passively map a small area around you. [potion of mutation]
  8068 | Bailey   | Gained mutation: You are clumsy. (Dex -2) [potion of mutation]
  8068 | Bailey   | Gained mutation: You evolve. [potion of mutation]
  8070 | Bailey   | Slain by a gnoll

Skill      XL: |  1  2  3  4  5  6  7  8  9 |
---------------+----------------------------+-----
Axes           | 3 4 5 7 8 10 11 | 11.9
Armour         | 4 5 6 7 |  7.8
Shields        | 4 5 6 7 |  7.7
Fighting       | |  3.6

Action                   |  1- 3 |  4- 6 |  7- 9 || total
-------------------------+-------+-------+-------++-------
Melee: War axe           |   154 |   120 |       ||   274
       Hand axe          |       |    59 |   481 ||   540
Throw: Tomahawk          |       |       |     1 ||     1
  Use: Potion            |       |       |     5 ||     5
       Scroll            |       |       |     3 ||     3
 Stab: Distracted        |       |       |     1 ||     1
  Eat: Chunk             |     2 |     7 |    11 ||    20
       Fruit             |       |       |     1 ||     1
       Meat ration       |       |       |     1 ||     1
Armor: Scale mail        |    68 |    71 |   122 ||   261
Dodge: Dodged            |    48 |    60 |   106 ||   214
Block: Shield            |    94 |    85 |   189 ||   368
